Map: 2000 Atmospheres LE

Players

MaxPax

  • Race: Protoss Protoss

DRG - Winner!

  • Race: Zerg Zerg

Event: StayAtHome Story Cup #4

VOD

Have the link to the VOD?

Description

Time

  • Played on: Oct. 23, 2021, 10:25 a.m.
  • Length: 10:25

All games in this series

Show
View Real Time Build Order
Export as new Build Order

MaxPax Protoss 

Build Orders: 1 Gate Expand, Oracle Opening 

Get SALT Encoding   

  12  0:00  Probe  
  13  0:12  Probe  
  14  0:19  Pylon  
  14  0:25  Probe  
  15  0:37  Probe (Chrono Boost)  
  15  0:39  Gateway  
  16  0:48  Probe (Chrono Boost), Assimilator  
  17  0:53  Probe (Chrono Boost)  
  18  1:03  Probe  
  19  1:15  Probe  
  20  1:26  Nexus  
  20  1:38  Cybernetics Core  
  20  1:40  Probe  
  20  1:46  Assimilator  
  21  1:52  Probe  
  22  1:55  Pylon  
  22  2:04  Probe (Chrono Boost)  
  23  2:14  Adept  
  25  2:16  Probe (Chrono Boost)  
  25  2:20  Stargate  
  26  2:25  Probe (Chrono Boost)  
  26  2:28  Warp Gate  
  27  2:32  Probe (Chrono Boost)  
  28  2:38  Probe (Chrono Boost)  
  28  2:44  Adept  
  32  2:47  Probe (Chrono Boost)  
  32  2:48  Probe (Chrono Boost)  
  33  2:52  Probe (Chrono Boost)  
  33  2:54  Void Ray (Chrono Boost)  
  33  2:55  Probe  
  35  3:04  Probe  
  40  3:07  Probe  
  40  3:11  Pylon  
  41  3:17  Probe  
  41  3:19  Probe  
  43  3:20  Gateway  
  43  3:28  Oracle (Chrono Boost)  
  43  3:29  Probe  
  43  3:31  Probe  
  48  3:41  Probe  
  49  3:43  Probe  
  49  3:47  Twilight Council  
  51  3:57  Nexus  
  51  3:58  Pylon  
  50  4:05  Gateway  
  50  4:07  Gateway  
  50  4:11  Assimilator  
  50  4:13  Assimilator  
  50  4:14  Probe  
  50  4:16  Probe  
  52  4:23  Adept  
  52  4:24  Adept  
  56  4:27  Protoss Air Weapons Level 1  
  56  4:28  Pylon, Probe  
  56  4:29  Probe  
  58  4:31  Resonating Glaives (Chrono Boost)  
  58  4:40  Probe  
  58  4:42  Probe  
  58  4:44  Pylon  
  60  4:52  Probe  
  61  4:53  Adept x2  
  61  4:55  Void Ray  
  61  4:58  Shield Battery  
  66  5:05  Adept x2  
  73  5:07  Probe  
  73  5:08  Probe  
  73  5:10  Probe  
  76  5:14  Adept  
  76  5:16  Adept  
  76  5:21  Probe x2 (Chrono Boost)  
  82  5:23  Probe (Chrono Boost)  
  83  5:28  Adept  
  83  5:30  Adept  
  83  5:31  Probe x2 (Chrono Boost)  
  83  5:32  Probe (Chrono Boost)  
  90  5:35  Probe (Chrono Boost)  
  90  5:38  Adept  
  90  5:42  Pylon  
  93  5:50  Shield Battery  
  93  5:54  Void Ray (Chrono Boost)  
  98  6:04  Adept  
  98  6:06  Adept x2  
  98  6:07  Adept  
  79  6:19  Shield Battery  
  79  6:20  Shield Battery  
  79  6:21  Stargate  
  79  6:25  Adept  
  81  6:27  Void Ray (Chrono Boost), Adept x3  
  85  6:34  Dark Shrine  
  68  6:49  Adept x4  
  68  6:53  Probe  
  71  6:59  Void Ray (Chrono Boost)  
  73  7:08  Void Ray (Chrono Boost)  
  70  7:19  Pylon  
  69  7:27  Adept x2  
  69  7:28  Adept x2  
  69  7:29  Probe  
  66  7:46  Gateway  
  66  7:49  Dark Templar x2  
  66  7:50  Probe x2  
  71  7:51  Cybernetics Core  
  71  8:02  Probe x2  
  73  8:11  Pylon  
  72  8:14  Probe x2  
  72  8:16  Void Ray (Chrono Boost)  
  74  8:20  Void Ray (Chrono Boost)  
  78  8:29  Probe x2  
  84  8:40  Nexus  
  84  8:46  Pylon  
  84  8:48  Gateway  
  84  8:50  Gateway  
  84  8:53  Pylon  
  83  9:03  Void Ray (Chrono Boost)  
  83  9:05  Robotics Facility  
  83  9:07  Nexus  
  83  9:09  Pylon  
  87  9:20  Void Ray (Chrono Boost)  
  87  9:21  Probe  
  87  9:22  Probe  
  93  9:33  Probe  
  93  9:34  Probe  
  93  9:45  Probe  
  93  9:46  Probe  
  93  9:48  Twilight Council, Shield Battery  
  95  9:58  Probe  
  95  9:59  Probe, Observer (Chrono Boost)  
  96  10:01  Robotics Bay  
  96  10:02  Sentry x3  
  96  10:07  Robotics Facility  
  102  10:12  Shield Battery  
  102  10:18  Templar Archives  
Show
View Real Time Build Order
Export as new Build Order

DRG Zerg - Winner!

Build Orders: Hatch First 

Get SALT Encoding   

  12  0:00  Drone  
  13  0:11  Overlord  
  13  0:16  Drone  
  14  0:30  Drone x2  
  14  0:33  Drone  
  17  0:51  Hatchery  
  17  0:54  Drone  
  17  0:57  Drone  
  18  1:09  Extractor  
  17  1:12  Spawning Pool  
  17  1:15  Drone  
  17  1:20  Drone  
  18  1:28  Drone  
  19  1:38  Drone  
  20  1:48  Overlord  
  20  1:59  Queen  
  22  2:02  Queen  
  22  2:03  Zergling x4  
  26  2:10  Drone  
  26  2:13  Metabolic Boost  
  26  2:14  Drone  
  28  2:21  Drone  
  29  2:24  Drone  
  30  2:31  Drone  
  30  2:36  Drone  
  32  2:41  Hatchery  
  31  2:45  Queen  
  31  2:50  Overlord  
  33  2:53  Drone  
  33  2:57  Overlord  
  34  2:58  Drone  
  34  3:03  Drone  
  36  3:09  Drone x4  
  40  3:15  Queen  
  40  3:17  Drone  
  43  3:20  Drone  
  43  3:25  Queen  
  46  3:28  Drone  
  46  3:31  Overlord  
  47  3:40  Drone x3  
  50  3:43  Evolution Chamber  
  50  3:44  Drone x2  
  51  3:50  Spore Crawler  
  51  3:52  Queen  
  51  3:55  Drone x3  
  55  3:59  Zergling x4  
  55  4:01  Drone  
  58  4:05  Spore Crawler  
  58  4:06  Drone  
  58  4:09  Overlord  
  58  4:11  Overlord  
  57  4:18  Overlord, Zerg Melee Weapons Level 1  
  57  4:22  Spore Crawler, Drone  
  57  4:26  Overlord  
  57  4:28  Drone x4  
  57  4:29  Drone  
  62  4:33  Drone x3  
  62  4:36  Drone  
  62  4:38  Drone  
  67  4:41  Queen  
  67  4:43  Queen  
  71  4:48  Drone  
  71  4:52  Extractor  
  71  4:53  Queen  
  71  4:54  Baneling Nest  
  71  4:58  Zergling x10  
  77  5:04  Zergling x10  
  82  5:09  Overlord  
  82  5:15  Zergling x10  
  82  5:17  Queen  
  89  5:23  Overlord  
  89  5:27  Queen  
  91  5:28  Queen  
  91  5:29  Zergling x6  
  91  5:35  Zergling x4  
  98  5:42  Baneling x10  
  98  5:45  Zergling x12  
  103  5:50  Zergling x4  
  105  5:58  Queen  
  104  6:04  Queen  
  104  6:06  Overlord  
  104  6:07  Queen  
  104  6:11  Zergling x12  
  106  6:14  Zergling x2  
  106  6:15  Zergling x2  
  102  6:19  Baneling x8  
  102  6:22  Zergling x8  
  105  6:27  Zergling x8  
  102  6:37  Zergling x4  
  102  6:40  Queen x2  
  102  6:43  Queen, Zergling x2  
  105  6:49  Zergling x12  
  105  6:52  Zerg Ground Armor Level 1  
  107  6:56  Zergling x8  
  107  7:00  Drone  
  109  7:09  Drone x3  
  109  7:10  Drone  
  109  7:11  Overlord  
  113  7:24  Queen  
  113  7:25  Overlord, Queen  
  109  7:31  Zergling x4  
  106  7:39  Zergling x16  
  106  7:41  Lair  
  106  7:44  Zergling x6  
  112  7:46  Hatchery  
  112  7:49  Zergling x10  
  116  7:56  Drone x4  
  116  7:58  Extractor  
  117  7:59  Extractor x2  
  117  8:00  Extractor  
  117  8:02  Drone  
  117  8:03  Drone  
  117  8:04  Drone  
  117  8:10  Drone  
  107  8:13  Drone x4  
  107  8:14  Drone  
  107  8:15  Drone x4  
  107  8:16  Drone  
  107  8:17  Drone  
  116  8:26  Drone x3  
  118  8:32  Overlord  
  118  8:42  Centrifugal Hooks  
  118  8:43  Hydralisk Den  
  118  8:46  Overlord x2  
  117  8:54  Overlord x2  
  116  9:15  Hydralisk  
  116  9:16  Hydralisk x15  
  147  9:19  Drone  
  148  9:25  Spore Crawler  
  148  9:26  Zergling x8  
  148  9:27  Zergling x2  
  148  9:29  Overlord  
  151  9:33  Overseer  
  151  9:35  Drone x3  
  151  9:41  Overlord  
  150  9:49  Overlord  
  150  9:52  Hydralisk x7  
  161  10:00  Zergling x16  
  161  10:04  Zergling x6  
Tags
 
Add a new tag
Caveats
  • Supply blocks, unpowered buildings, or Contaminate may cause inaccurate times.
  • Supply counts are checked every 10 seconds.